 Dungeon Crawl Stone Soup version 0.28-a0-265-g048bc9fd10 (webtiles) character file.

Game seed: 3668734478747704190

13570 Spaninq the Quickloader (level 11, -1/95 HPs)
             Began as a White Draconian Wanderer on Aug 27, 2021.
             Was a High Priest of Okawaru.
             Slain by a red ugly thing (14 damage)
             ... on level 9 of the Dungeon.
             The game lasted 00:39:54 (15202 turns).

Spaninq the Quickloader (White Draconian Wanderer) Turns: 15202, Time: 00:39:54

Health: -1/95      AC: 10    Str: 28    XL:     11   Next: 77%
Magic:  15/15      EV: 13    Int: 11    God:    Okawaru [*****.]
Gold:   469        SH:  4    Dex:  8    Spells: 14/14 levels left

rFire   . . .      SeeInvis .   q - +2 dagger (venom)
rCold   + . .      Faith    .   y - +0 buckler
rNeg    . . .      Spirit   .   (armour unavailable)
rPois   .          Reflect  .   (helmet restricted)
rElec   .          Harm     .   (no cloak)
rCorr   .          Rampage  .   j - +2 pair of gloves
Will    .....                   (no boots)
Stlth   +.........              (no amulet)
HPRegen 0.25/turn               g - +6 ring of strength
MPRegen 0.14/turn               (no ring)

@: short of breath, hasted, very quick
A: breathe frost, AC +7, unfitting armour, cold resistance 1, cold-blooded
a: Breathe Frost, Renounce Religion, Heroism, Finesse, Duel


You were on level 9 of the Dungeon.
You worshipped Okawaru.
Okawaru was extremely pleased with you.
You visited 2 branches of the dungeon, and saw 10 of its levels.
You also visited: Bailey.

You collected 469 gold pieces.

Inventory:

Hand Weapons
 a - a +3 hand crossbow
 k - a +0 arbalest
 l - a +1 bardiche of flaming
 q - a +2 dagger of venom (weapon)
 r - the +8 executioner's axe "Newtslayer" {flame, Will++ Int+3 Dex+6}
   (You found it in a bailey)

   It burns those it strikes, dealing additional fire damage.
   Big, fiery blades are also staple armaments of hydra-hunters.
   Int:       It affects your intelligence (+3).
   Dex:       It affects your dexterity (+6).
   Will:      It greatly increases your willpower.
 B - a +4 falchion
Missiles
 b - 355 bolts
 t - 5 silver javelins (quivered)
Armour
 c - a +0 kite shield
 j - a +2 pair of gloves (worn)
 y - a +0 buckler (worn)
Jewellery
 g - a +6 ring of strength (left hand)
Wands
 d - a wand of digging (5)
 m - a wand of iceblast (22)
 s - a wand of polymorph (8)
 u - a wand of flame (16)
 x - a wand of paralysis (7)
Scrolls
 f - 5 scrolls of identify
 o - a scroll of enchant armour
Potions
 e - a potion of brilliance
 h - 2 potions of curing
 i - 3 potions of might
 p - a potion of resistance
 v - a potion of flight
 w - a potion of attraction {unknown}
 A - a potion of lignification
 C - a potion of ambrosia


   Skills:
 + Level 8.5 Fighting
 * Level 9.2 Axes
 - Level 10.0 Crossbows
 - Level 1.0 Throwing
 + Level 6.5 Dodging
 - Level 4.0 Shields
 - Level 2.0 Spellcasting
 - Level 3.0 Summonings
 + Level 5.7 Invocations


You had 14 spell levels left.
You didn't know any spells.
Your spell library contained the following spells:

 Spells                   Type           Power      Damage    Failure   Level
 Cause Fear               Hex            0%         N/A       96%         4
 Dragon Form              Tmut           0%         N/A       100%        7
 Summon Small Mammal      Summ           Unusable   N/A       N/A         1
 Summon Guardian Golem    Hex/Summ       Unusable   N/A       N/A         3
 Dragon's Call            Summ           Unusable   N/A       N/A         9

Dungeon Overview and Level Annotations

Branches:
Dungeon (9/15)             Temple (1/1) D:4             Orc (0/2) D:9
 Bailey (visited)
   Lair: D:8-11

Altars:
Ashenzari
Cheibriados
Dithmenos
Elyvilon
Fedhas
Gozag
Hepliaklqana
Kikubaaqudgha
Makhleb
Nemelex Xobeh
Okawaru
Qazlal
Ru
Sif Muna
Trog
Uskayaw
Vehumet
Wu Jian
Xom
Yredelemnul
Zin
The Shining One

Shops:
D:1 ?   D:5 [

Annotations:
D:4 2 runed translucent doors, Manisian's ghost, amateur DsAr


Innate Abilities, Weirdness & Mutations

You can breathe waves of freezing cold which knock back foes.
Your icy white scales are hard. (AC +7)
You cannot fit into any form of body armour.
Your flesh is cold resistant. (rC+)
You are cold-blooded and may be slowed by cold attacks.


Message History

The howler monkey looks as sick as possible!
The howler monkey is heavily wounded.
The howler monkey hoots and howls with incredible vigour!
You kill the howler monkey!
Okawaru accepts your kill.
Okay, then.
Press: ? - help, Shift-Dir - straight line, f - red ugly thing
Aim: a red ugly thing You exhale a wave of freezing cold.
The freezing breath misses the red ugly thing.
The red ugly thing closely misses you. The red ugly thing misses you.
There is a stone staircase leading up, spattered with blood here.
You hit the red ugly thing.
The red ugly thing is poisoned.
You tail-slap the red ugly thing, but do no damage.
The red ugly thing is lightly wounded.
The red ugly thing claws you!
You are engulfed in flames!!
You hit the red ugly thing.
The red ugly thing looks even sicker.
The red ugly thing is lightly wounded.
The red ugly thing claws you.
You are engulfed in flames!!
You can't do that yet.
The red ugly thing claws you but does no damage.
The red ugly thing claws you but does no damage.
Okay, then.
You have got your breath back.
Press: ? - help, Shift-Dir - straight line, f/p - red ugly thing
Aim: a red ugly thing (moderately wounded, very poisoned)
Okay, then.
Press: ? - help, Shift-Dir - straight line, f/p - red ugly thing
Aim: a red ugly thing (moderately wounded, poisoned)
You exhale a wave of freezing cold.
The freezing breath misses the red ugly thing.
The red ugly thing misses you. The red ugly thing claws you.
You are engulfed in flames!
The red ugly thing claws you.
You are engulfed in flames!!
* * * LOW HITPOINT WARNING * * *
You feel yourself speed up. The red ugly thing claws you.
* * * LOW HITPOINT WARNING * * *
You are engulfed in flames!
You die...

** *, #. #. *#** #.
,..#############################.
,................................
.≈≈≈≈≈≈≈.<.....u@...#####........
.≈#####≈........##.(# #.>......
.≈#...#≈........##..# #......>.
.≈#.).#≈........##..# #(.......
.≈#)..#≈........##..# #........
.≈##)##≈........##..# #....(...
.≈≈≈≈)≈≈....)...##..# #........
....).).........##..# #........
....####........##..# #........


You could see a red ugly thing (poisoned).

Vanquished Creatures
  An orc knight (Bailey)
  A manticore (D:9)
  Prince Ribbit (D:6)
  10 yaks
  A wyvern (D:8)
  A water moccasin (D:9)
  An ice beast (D:7)
  A hornet zombie (D:8)
  A sky beast (D:6)
  A necrophage (D:5)
  16 orc warriors
  3 ogres
  2 centaurs
  A phantom (D:6)
  A kobold brigand (D:4)
  Blork the orc (D:5)
  5 bullfrogs
  2 gnoll sergeants (D:7)
  A scorpion (D:4)
  A water moccasin skeleton (D:5)
  5 killer bees (D:9)
  A howler monkey (D:9)
  14 wights
  A centaur zombie (D:8)
  2 jellies
  An orc priest (D:6)
  4 hounds
  2 iguanas
  6 orc wizards
  A killer bee zombie (D:7)
  A hound zombie (D:5)
  10 gnolls
  8 adders
  A shadow imp (D:8)
  3 ufetubi
  2 adder skeletons
  2 worms
  3 dart slugs (D:3)
  31 orcs
  4 ball pythons
  9 bats
  8 endoplasms
  3 giant cockroaches
  13 goblins
  4 hobgoblins
  3 jackals (D:1)
  7 quokkas
  3 frilled lizards
  3 kobolds
  4 rats
211 creatures vanquished.

Notes
Turn   | Place    | Note
-------+----------+-------------------------------------------
     0 | D:1      | Spaninq the Draconian Wanderer began the quest for the Orb.
     0 | D:1      | Spaninq set off with the following items: a +2 hand
                  | crossbow, 22 bolts, a +0 shortbow, 29 arrows; and the
                  | following spell memorised: Summon Small Mammal; and the
                  | following spells available to memorise: Summon Guardian
                  | Golem
     0 | D:1      | Reached XP level 1. HP: 16/16 MP: 3/3
   144 | D:1      | Reached skill level 2 in Crossbows
   218 | D:1      | Found Nueno's Magic Scroll Shoppe.
   366 | D:1      | Reached XP level 2. HP: 22/23 MP: 5/5
  1306 | D:1      | Reached XP level 3. HP: 26/29 MP: 6/6
  1651 | D:2      | Reached skill level 3 in Crossbows
  2215 | D:2      | Found a faded altar of an unknown god.
  2425 | D:2      | Found a sparkling altar of Nemelex Xobeh.
  2588 | D:3      | Reached XP level 4. HP: 35/37 MP: 7/7
  3400 | D:4      | Found a large runed translucent door.
  3401 | D:4      | Found a large runed translucent door.
  3402 | D:4      | Noticed Manisian's ghost (amateur DsAr)
  3494 | D:4      | Noticed a kobold brigand
  3516 | D:4      | Killed a kobold brigand
  3517 | D:4      | Reached skill level 4 in Crossbows
  3517 | D:4      | Reached skill level 1 in Dodging
  3517 | D:4      | Reached XP level 5. HP: 14/45 MP: 8/8
  3930 | D:4      | HP: 2/45 [iguana (8)]
  3941 | D:4      | HP: 1/45 [orc (2)]
  4237 | D:4      | Found a staircase to the Ecumenical Temple.
  4247 | Temple   | Entered the Ecumenical Temple
  4334 | Temple   | Became a worshipper of Warmaster Okawaru
  4396 | D:4      | Reached XP level 6. HP: 48/51 MP: 9/9
  5039 | D:5      | Entered Level 5 of the Dungeon
  5039 | D:5      | Found Eluetely's Armour Emporium.
  5051 | D:5      | Noticed Blork the orc
  5063 | D:5      | Killed Blork the orc
  5064 | D:5      | Reached skill level 5 in Crossbows
  5625 | D:5      | Your scales start taking on an icy white colour.
  5625 | D:5      | Reached XP level 7. HP: 59/59 MP: 10/10
  5625 | D:5      | Gained mutation: Your flesh is cold resistant. (rC+) [White
                  | Draconian growth]
  5761 | D:5      | Reached * piety under Okawaru
  6066 | D:5      | Found a bloodstained altar of Trog.
  6290 | D:5      | Reached skill level 6 in Crossbows
  6654 | D:6      | Noticed Prince Ribbit
  6657 | D:6      | Reached skill level 5 in Fighting
  6684 | D:6      | Killed Prince Ribbit
  6684 | D:6      | Reached ** piety under Okawaru
  6685 | D:6      | Reached XP level 8. HP: 43/68 MP: 11/11
  7278 | D:6      | Reached skill level 7 in Crossbows
  9303 | D:7      | Reached skill level 1 in Invocations
  9457 | D:7      | Reached XP level 9. HP: 23/78 MP: 12/12
  9529 | D:7      | Reached *** piety under Okawaru
  9807 | D:7      | Reached skill level 8 in Crossbows
 10155 | D:7      | Found a glowing silver altar of Zin.
 10157 | D:7      | Found a blossoming altar of Fedhas.
 10162 | D:7      | Found a shimmering altar of Xom.
 10162 | D:7      | Found an opulent altar of Gozag.
 10162 | D:7      | Found an ancient bone altar of Kikubaaqudgha.
 10162 | D:7      | Found a shadowy altar of Dithmenos.
 10162 | D:7      | Found a stormy altar of Qazlal.
 10163 | D:7      | Found a sacrificial altar of Ru.
 10165 | D:7      | Found a shimmering blue altar of Sif Muna.
 10168 | D:7      | Found a basalt altar of Yredelemnul.
 10169 | D:7      | Found a broken altar of Ashenzari.
 10170 | D:7      | Found a glowing golden altar of the Shining One.
 11494 | D:8      | Reached skill level 5 in Dodging
 12247 | D:8      | Reached **** piety under Okawaru
 12658 | D:9      | Received a gift from Okawaru
 12722 | D:9      | Found a flagged portal.
 12728 | Bailey   | Entered a bailey
 12900 | Bailey   | Reached skill level 9 in Crossbows
 13042 | Bailey   | Received a gift from Okawaru
 13106 | Bailey   | Reached XP level 10. HP: 65/86 MP: 13/13
 13532 | Bailey   | Received a gift from Okawaru
 13641 | Bailey   | Noticed an orc knight
 13661 | Bailey   | Killed an orc knight
 13661 | Bailey   | Received a gift from Okawaru
 14004 | Bailey   | Identified the +8 executioner's axe "Newtslayer" {flame,
                  | Will++ Int+3 Dex+6}
 14142 | D:9      | Reached skill level 5 in Invocations
 14340 | D:9      | Noticed a manticore
 14348 | D:9      | Killed a manticore
 14349 | D:9      | Reached skill level 10 in Crossbows
 14450 | D:9      | Reached XP level 11. HP: 95/95 MP: 15/15
 14462 | D:9      | Received a gift from Okawaru
 14817 | D:9      | Reached ***** piety under Okawaru
 14817 | D:9      | Received a gift from Okawaru
 15154 | D:9      | Noticed a red ugly thing
 15202 | D:9      | Slain by a red ugly thing

Illustrated notes

Levels and vault maps discovered:
D:1:      elethiomel_arrival_infinity_welcomes_careful_drivers, layout_basic,
          serial_shops, nicolae_square_shop
D:2:      minmay_skewed_foursquare, layout_loops_ring,
          shapermc_ecumenical_altar_mp_ritualfount, basic_altar,
          kennysheep_cluttered_room, lemuel_old_faithful
D:3:      layout_basic, minmay_pentomino_pile
D:4:      layout_loops_ring, minmay_temple_entry_water_ring,
          ebering_ghost_disaster_area
D:5:      layout_basic, trog_book, serial_shops, shop,
          amcnicky_mini_corridor_feature, uniq_blork_the_orc
D:6:      layout_basic, uniq_prince_ribbit1
D:7:      layout_loops_ring, minitemple
D:8:      minmay_spotlight, layout_rooms
D:9:      layout_long_grid, david_orc_4, enter_bailey_3,
          kennysheep_big_empty_room, minmay_increasing_density
Temple:   dpeg_three_leaves_temple

Skill      XL: |  1  2  3  4  5  6  7  8  9 10 11 |
---------------+----------------------------------+-----
Crossbows      | 2 3 4 5 6 7 9 10 | 10.0
Fighting       | 2 3 4 5 6 7 8 |  8.5
Dodging        | 1 2 3 4 5 6 |  6.5
Invocations    | 1 3 5 |  5.7
Shields        | 4 |  4.0
Axes           | 8 9 |  9.2
Throwing       | |  1.0
Spellcasting   | |  2.0
Summonings     | |  3.0

Action                   |  1- 3 |  4- 6 |  7- 9 | 10-12 || total
-------------------------+-------+-------+-------+-------++-------
Melee: Trident           |   131 |   162 |       |       ||   293
       Tailslap          |     3 |    25 |    59 |    15 ||   102
       Dagger            |       |    70 |   398 |    81 ||   549
       Falchion          |       |       |    49 |       ||    49
 Fire: Hand crossbow     |       |    11 |    53 |    91 ||   155
Invok: Heroism           |       |       |     3 |     1 ||     4
       Finesse           |       |       |       |     2 ||     2
 Abil: Breathe Frost     |       |       |    21 |     6 ||    27
  Use: Potion            |       |     4 |       |     2 ||     6
       Scroll            |       |       |    17 |       ||    17
 Stab: Sleeping          |     1 |     1 |       |       ||     2
Armor: Skin              |    57 |    93 |   165 |    37 ||   352
Dodge: Dodged            |    70 |   161 |   288 |    74 ||   593
Block: Buckler           |       |       |    47 |    24 ||    71

Table legend: (Time is in decaauts)
 A = Elapsed time spent in this place.
 B = Non-inter-level travel time spent in this place.
 C = Inter-level travel time spent in this place.
 D = Time resting spent in this place.
 E = Time spent auto-exploring this place.
 F = Levels seen in this place.
 G = Mean time per level.
                   A        B        C        D        E       F      G
               +--------+--------+--------+--------+--------+-----+--------+
         Total |  15309 |  14893 |    416 |   3350 |   8589 |  11 | 1391.7 |
       Dungeon |  13929 |  13513 |    416 |   2532 |   8507 |   9 | 1547.7 |
        Temple |     97 |     97 |      0 |      0 |     58 |   1 |   97.0 |
        Bailey |   1282 |   1282 |      0 |    818 |     24 |   1 | 1282.0 |
               +--------+--------+--------+--------+--------+-----+--------+

Top non-repeatable levels by time:
     D:7: 2477 daAuts
     D:6: 2212 daAuts
     D:4: 1611 daAuts
     D:1: 1600 daAuts
     D:5: 1484 daAuts
     D:8: 1431 daAuts
  Bailey: 1282 daAuts
     D:9: 1281 daAuts
     D:2: 958 daAuts
     D:3: 872 daAuts
  Temple: 97 daAuts
